 Dungeon Crawl Stone Soup version 0.31-a0-204-g7da18cac08 (webtiles) character file.

Game seed: 436688148762283828

99 mobinator the Chopper (level 4, -4/41 HPs)
             Began as a Hill Orc Monk on June 27, 2023.
             Slain by an ogre
             ... wielding a +0 giant club
              (17 damage)
             ... on level 3 of the Dungeon.
             The game lasted 00:07:49 (1763 turns).

mobinator the Chopper (Hill Orc Monk)               Turns: 1763, Time: 00:07:50

Health: -4/41      AC: 10    Str: 15    XL:     4   Next: 72%
Magic:  4/4        EV:  7    Int: 10    God:
Gold:   80         SH:  0    Dex: 13    Spells: 3/3 levels left

rFire   . . .        n - +0 war axe
rCold   . . .        d - orb {light}
rNeg    . . .        h - +0 chain mail
rPois   .            (no helmet)
rElec   .            r - +0 cloak
rCorr   .            (no gloves)
SInv    .            i - +0 pair of boots
Will    .....        (no amulet) Stlth
                     (no ring)
HPRegen 0.26/turn    (no ring)
MPRegen 0.09/turn

%: no passive effects
@: glowing
A: no striking features
a: no special abilities


You were on level 3 of the Dungeon.
You visited 1 branch of the dungeon, and saw 3 of its levels.

You collected 80 gold pieces.

Inventory:

Hand Weapons
 a - a +0 hand axe
 n - a +0 war axe (weapon)
Armour
 b - a +0 robe
 d - an orb of light (worn)
 e - a +0 leather armour
 h - a +0 chain mail (worn)
 i - a +0 pair of boots (worn)
 r - a +0 cloak (worn)
Scrolls
 g - a scroll of fear {unknown}
 j - 3 scrolls of identify {unknown}
 l - a scroll of enchant weapon {unknown}
 m - a scroll of vulnerability {unknown}
 o - a scroll of enchant armour {unknown}
 q - a scroll of revelation {unknown}
 t - a scroll of poison {unknown}
Potions
 c - 2 potions of ambrosia
 f - a potion of degeneration {unknown}
 k - a potion of invisibility {unknown}
 p - a potion of haste {unknown}
 s - a potion of curing {unknown}
 u - a potion of lignification {unknown}
 v - 2 potions of attraction {unknown}


   Skills:
 + Level 4.5 Fighting
 * Level 5.7 Axes
 + Level 2.0 Armour
 - Level 2.4 Dodging


You had 3 spell levels left.
You didn't know any spells.
Your spell library contained the following spells:

 Spells                   Type           Power      Damage    Failure   Level
 Kiss of Death            Conj/Necr      0%         2d5       99%         1


Dungeon Overview and Level Annotations

Branches:
Dungeon (3/15)

Altars:


Message History

Found a stone staircase leading down.
You hit the quokka.
The quokka is severely wounded.
The quokka bites you but does no damage.
You completely miss the quokka.
The quokka is severely wounded.
The quokka bites you but does no damage.
The quokka barely misses you.
You hit the quokka.
You kill the quokka!
There is an open door here.
You see here a quokka corpse.
There is a fountain of clear blue water here.
There is an open door here.
You see here a quokka corpse.
There is an open door here.
There is a fountain of clear blue water here.
There is an open door here.
There is a fountain of sparkling water here.
Press: ? - help, v - describe, . - travel The floor.
This square is lit by a halo.
There is a fountain of sparkling water here.
You can't go down here!
A rat comes into view.
An ogre comes into view. It is wielding a +0 giant club.
Found 5 gold pieces.
The ogre shouts!
Found 11 gold pieces.
The rat bites you.
You hit the rat.
You kill the rat!
Your Armour skill increases to level 2!
You slash the ogre!
The ogre is severely wounded.
The ogre hits you with a +0 giant club!!
Ouch! That really hurt!
* * * LOW HITPOINT WARNING * * *
The ogre attacks as you move away! The ogre hits you with a +0 giant club!
You die...

...................##........#
...........######.###......###
)..........# #.#..........#
..........## #............#
.....##...#########.÷........#
.....##...##.................#
...........#.................#
...........#.................#
##.........#....@............
##.........#....O..####+#####
##.........#........$..$
##.........#...†...#####
############.......# #
#.......# # #.........
#.......### #........


You could see an ogre.

Vanquished Creatures
  A gnoll (D:1)
  4 adders (D:2)
  2 dart slugs (D:1)
  5 ball pythons
  A bat (D:1)
  3 endoplasms (D:1)
  2 giant cockroaches (D:1)
  6 goblins
  5 hobgoblins
  3 jackals (D:2)
  4 kobolds
  3 quokkas
  2 frilled lizards (D:3)
  2 rats
43 creatures vanquished.

Notes
Turn   | Place    | Note
-------+----------+-------------------------------------------
     0 | D:1      | mobinator the Hill Orc Monk began the quest for the Orb.
     0 | D:1      | Reached XP level 1. HP: 19/19 MP: 1/1
   111 | D:1      | Reached XP level 2. HP: 27/27 MP: 2/2
   310 | D:1      | Reached skill level 1 in Armour
   310 | D:1      | Reached XP level 3. HP: 17/33 MP: 3/3
   475 | D:1      | Reached skill level 5 in Axes
   857 | D:2      | Reached XP level 4. HP: 30/40 MP: 4/4
  1244 | D:2      | Found a faded altar of an unknown god.
  1252 | D:2      | Got Plato's Parchment of Shadows
  1756 | D:3      | Noticed an ogre
  1763 | D:3      | Slain by an ogre

Illustrated notes

Levels and vault maps discovered:
D:1:      dpeg_arrival_houses_and_road, layout_loops_ring
D:2:      layout_rooms, shapermc_ecumenical_altar_rom_forum
D:3:      layout_basic, minmay_tree_intersection, grunt_ministairs_4,
          kennysheep_generic_room_13

Skill      XL: |  1  2  3  4 |
---------------+-------------+-----
Fighting       | 4 |  4.5
Armour         | 1 2 |  2.0
Axes           | 5 |  5.7
Dodging        | |  2.4

Action                     |  1- 3 |  4- 6 || total
---------------------------+-------+-------++-------
  Melee: Hand axe          |    60 |     5 ||    65
         War axe           |       |    37 ||    37
 Armour: Chain mail        |    46 |    26 ||    72
         Leather armour    |     1 |       ||     1
  Dodge: Dodged            |    27 |     9 ||    36

Table legend: (Time is in decaauts)
 A = Elapsed time spent in this place.
 B = Non-inter-level travel time spent in this place.
 C = Inter-level travel time spent in this place.
 D = Time resting spent in this place.
 E = Time spent auto-exploring this place.
 F = Levels seen in this place.
 G = Mean time per level.
                   A        B        C        D        E       F      G
               +--------+--------+--------+--------+--------+-----+--------+
         Total |   1774 |   1690 |     84 |    108 |    867 |   3 |  591.3 |
       Dungeon |   1774 |   1690 |     84 |    108 |    867 |   3 |  591.3 |
               +--------+--------+--------+--------+--------+-----+--------+

Top non-repeatable levels by time:
     D:1: 841 daAuts
     D:2: 490 daAuts
     D:3: 443 daAuts
